Map: New Gettysburg LE

Players

avilo

  • Race: Terran Terran
  • League: Grandmaster
  • Spawn Location: 7:00

Spit - Winner!

  • Race: Zerg Zerg
  • League: Grandmaster
  • Spawn Location: 5:00

VOD

Have the link to the VOD?

Description

Time

  • Played on: Oct. 31, 2016, 6:07 p.m.
  • Length: 34:12
Show
View Real Time Build Order
Export as new Build Order

avilo Terran 

Build Orders: Gas First Reaper Expand, Hellion Banshee, Mech 

Get SALT Encoding   

  12  0:00  SCV  
  13  0:13  SCV  
  14  0:18  Supply Depot  
  14  0:25  SCV  
  15  0:33  Refinery  
  15  0:40  SCV  
  16  0:45  Barracks  
  16  0:52  SCV  
  17  1:04  SCV  
  18  1:16  SCV  
  19  1:32  Orbital Command  
  19  1:35  Reaper  
  20  1:44  Command Center  
  20  1:57  SCV  
  21  2:03  Factory  
  21  2:10  Supply Depot  
  21  2:11  SCV  
  21  2:14  Barracks Reactor  
  22  2:16  Refinery  
  22  2:23  SCV  
  23  2:35  SCV  
  24  2:47  SCV  
  24  2:50  Starport  
  25  2:56  Orbital Command  
  25  2:57  Hellion x2  
  29  3:00  SCV  
  29  3:16  SCV  
  30  3:21  Hellion x2, Barracks Tech Lab  
  30  3:22  SCV  
  35  3:28  SCV  
  36  3:34  SCV  
  36  3:40  SCV  
  38  3:47  SCV  
  38  3:49  Hellion x2  
  38  3:52  SCV  
  38  3:53  Banshee  
  46  3:57  Cloaking Field  
  46  4:00  Supply Depot  
  46  4:02  Supply Depot  
  46  4:18  Armory  
  46  4:19  Supply Depot  
  46  4:21  SCV x2  
  46  4:22  Hellion x2  
  52  4:32  Barracks Tech Lab  
  52  4:33  SCV x2  
  52  4:36  Banshee  
  57  4:43  Hellion x2  
  61  4:46  SCV  
  61  4:50  SCV  
  63  4:57  Command Center  
  63  4:58  SCV  
  64  5:03  SCV  
  65  5:10  SCV  
  66  5:15  Barracks Reactor, SCV  
  66  5:18  Siege Tank  
  70  5:22  Refinery  
  70  5:24  Refinery  
  70  5:28  Supply Depot  
  70  5:32  Banshee  
  69  5:40  Hellion x9  
  69  5:41  SCV  
  70  5:48  Supply Depot  
  70  5:49  SCV  
  71  5:54  SCV, Siege Tank  
  71  5:55  Supply Depot  
  75  6:01  SCV  
  62  6:12  SCV  
  62  6:13  Orbital Command  
  63  6:18  Factory  
  63  6:20  Factory  
  63  6:40  SCV x2  
  65  6:59  SCV x2  
  67  7:02  Terran Vehicle Weapons Level 1, Supply Depot  
  67  7:04  Engineering Bay  
  67  7:05  Hellion x2, Armory  
  67  7:06  Siege Tank  
  67  7:07  Viking x2  
  78  7:08  Supply Depot  
  78  7:13  SCV x2  
  77  7:25  SCV x2  
  79  7:35  Siege Tank  
  79  7:36  Hellion x2  
  86  7:40  Refinery  
  86  7:43  Missile Turret  
  86  7:44  Refinery  
  86  7:45  Missile Turret  
  86  7:46  Missile Turret  
  83  7:53  SCV x2  
  83  7:57  Command Center  
  85  8:01  Siege Tank, Hellion x2  
  85  8:02  Viking x2  
  85  8:04  Orbital Command  
  96  8:19  Thor  
  102  8:25  Factory  
  102  8:26  Factory  
  102  8:27  SCV  
  102  8:28  SCV  
  104  8:35  Siege Tank  
  104  8:39  Sensor Tower  
  104  8:41  SCV x3  
  110  8:53  SCV x3  
  113  8:56  Supply Depot x3  
  113  8:59  Viking  
  115  9:05  Supply Depot x2  
  115  9:06  Siege Tank  
  118  9:15  SCV x3  
  118  9:16  Factory Tech Lab x2  
  121  9:20  Supply Depot  
  124  9:24  Siege Tank, Hellion  
  124  9:25  Hellion  
  124  9:27  Barracks  
  124  9:31  Supply Depot  
  128  9:32  SCV x2  
  128  9:33  SCV  
  128  9:37  Missile Turret  
  131  9:42  Missile Turret  
  131  9:44  SCV x2  
  131  9:45  SCV, Viking x2  
  137  9:49  Barracks  
  137  9:52  Terran Vehicle Weapons Level 2  
  138  9:53  Terran Vehicle And Ship Armor Level 1  
  138  10:11  Sensor Tower  
  138  10:17  Ghost Academy  
  138  10:19  Barracks Tech Lab  
  138  10:20  Siege Tank x4  
  138  10:21  Hellion  
  152  10:23  Missile Turret  
  152  10:31  Missile Turret  
  152  10:32  Planetary Fortress  
  152  10:34  Missile Turret  
  152  10:39  Refinery  
  152  10:41  Refinery  
  152  10:45  Armory  
  152  10:52  Siege Tank, Ghost, Barracks Tech Lab  
  152  10:56  Viking x2  
  161  10:59  Siege Tank x2  
  167  11:23  Ghost  
  167  11:24  Ghost  
  171  11:35  Siege Tank x2  
  171  11:36  Siege Tank  
  174  11:52  Ghost  
  126  12:04  Siege Tank  
  126  12:05  Liberator x2, Hellion x2  
  126  12:07  Siege Tank  
  126  12:08  Siege Tank, Hellion  
  141  12:14  SCV  
  138  12:26  SCV  
  138  12:28  Ghost x2  
  149  12:32  Siege Tank  
  149  12:33  Hellion x2  
  156  12:42  Siege Tank  
  132  13:08  Siege Tank x3  
  132  13:09  Hellion x2  
  105  13:17  Orbital Command  
  90  13:29  Siege Tank, Orbital Command  
  92  13:40  Siege Tank  
  95  13:47  Siege Tank x2  
  95  13:48  Hellion x2  
  104  13:55  SCV  
  105  14:01  Siege Tank  
  108  14:03  SCV x2  
  108  14:04  Refinery  
  108  14:07  SCV  
  111  14:14  Siege Tank  
  111  14:15  SCV  
  115  14:17  SCV  
  115  14:19  Siege Tank  
  115  14:20  SCV  
  120  14:25  SCV  
  120  14:27  SCV  
  120  14:29  SCV  
  123  14:33  Ghost  
  123  14:37  SCV  
  126  14:40  Siege Tank x2  
  132  14:49  SCV  
  133  14:53  Ghost  
  133  14:57  Viking  
  137  15:01  SCV, Ghost, Viking  
  142  15:14  Liberator  
  142  15:15  Command Center  
  142  15:19  Starport  
  142  15:23  Starport  
  145  15:37  Personal Cloaking  
  145  15:57  Starport Tech Lab  
  145  15:58  Missile Turret, Liberator x2  
  145  15:59  Missile Turret  
  145  16:01  SCV  
  146  16:12  Starport Tech Lab  
  146  16:13  Ghost  
  146  16:14  SCV  
  146  16:16  Liberator x2  
  155  16:26  SCV  
  155  16:31  Ghost  
  164  16:41  Liberator x2  
  164  16:46  Missile Turret  
  164  16:51  Fusion Core  
  164  16:59  Liberator  
  170  17:02  Liberator  
  170  17:03  Nuke  
  170  17:17  Ghost x2  
  180  17:24  Liberator  
  180  17:39  Corvid Reactor  
  180  17:41  Advanced Ballistics  
  183  17:57  Viking  
  185  17:59  Raven  
  187  18:09  Missile Turret  
  187  18:11  Missile Turret  
  187  18:34  Missile Turret  
  187  18:36  Missile Turret  
  187  18:37  Missile Turret  
  187  18:49  Missile Turret  
  187  18:57  Missile Turret  
  187  19:01  Missile Turret  
  187  19:02  Missile Turret  
  187  19:05  Missile Turret  
  187  19:13  Planetary Fortress  
  187  19:41  Refinery x2  
  187  19:55  Nuke  
  187  20:06  Raven, Medivac x2, SCV  
  188  21:18  Supply Depot  
  188  21:19  Supply Depot  
  188  21:21  Supply Depot  
  188  21:22  Supply Depot  
  188  21:39  Ghost  
  188  21:40  Raven x2, Ghost  
  188  21:41  Viking x2  
  188  21:44  Missile Turret  
  193  22:00  Hellion x4  
  193  22:07  Nuke  
  191  22:17  Viking x2  
  194  22:23  Raven  
  186  22:37  Ghost x2  
  186  22:42  Raven  
  192  23:05  Missile Turret  
  192  23:06  Missile Turret  
  192  23:07  Missile Turret  
  192  23:09  Missile Turret  
  192  23:11  Missile Turret  
  192  23:12  Missile Turret  
  192  23:13  Missile Turret  
  192  23:21  Raven, Viking  
  192  23:22  Viking  
  161  23:56  Ghost x2  
  161  24:01  Raven, Viking x2  
  171  24:04  Raven  
  173  24:14  Thor  
  173  24:15  Thor x2  
  173  24:16  Thor  
  197  24:18  Hellion  
  197  24:23  Missile Turret  
  199  24:24  Missile Turret  
  199  24:25  Missile Turret  
  199  24:26  Missile Turret  
  197  25:00  Raven  
  199  25:34  Missile Turret  
  199  25:35  Sensor Tower  
  199  25:37  Missile Turret  
  199  25:38  Missile Turret  
  199  26:33  Command Center  
  199  26:44  Missile Turret  
  168  27:11  Thor x4  
  192  27:29  Nuke  
  190  27:56  Thor  
  190  27:57  Raven  
  198  28:02  Missile Turret  
  198  28:05  Missile Turret  
  198  28:16  Liberator x2  
  186  28:32  Raven  
  185  28:40  Raven  
  185  28:41  Nuke  
  187  28:44  Missile Turret  
  187  29:17  Missile Turret x2  
  178  30:12  Raven x2  
  178  30:13  Viking x2  
  167  30:42  Hellion x3  
  177  30:43  Hellion x3  
  179  31:04  Hellion x2  
  183  31:08  Hellion x3  
  183  31:09  Viking x4, Hellion  
  193  31:55  Viking  
  193  31:56  Viking x2  
  175  32:18  Hellion  
  175  32:19  Hellion x5  
  153  32:40  Hellion  
  118  32:57  Hellion x5  
  118  33:01  Hellion  
  100  33:18  Hellion x3  
  110  33:21  Siege Tank  
  101  33:46  Hellion  
  101  33:47  Hellion x4  
Show
View Real Time Build Order
Export as new Build Order

Spit Zerg - Winner!

Build Orders: Hatch First 

Get SALT Encoding   

  12  0:00  Drone  
  13  0:13  Overlord  
  13  0:17  Drone  
  14  0:31  Drone x2  
  17  0:35  Drone  
  17  0:53  Hatchery  
  17  0:56  Drone  
  17  1:00  Drone  
  18  1:15  Spawning Pool  
  18  1:16  Drone  
  18  1:18  Extractor  
  17  1:21  Drone  
  18  1:29  Drone  
  19  1:41  Overlord  
  19  2:01  Queen  
  19  2:02  Zergling x4  
  19  2:06  Queen  
  19  2:07  Drone  
  26  2:17  Drone  
  26  2:19  Metabolic Boost  
  27  2:24  Zergling x2  
  27  2:28  Drone x2  
  30  2:36  Drone  
  31  2:39  Drone  
  32  2:47  Hatchery  
  32  2:51  Drone x2  
  32  2:57  Overlord  
  33  3:01  Drone  
  34  3:07  Drone  
  34  3:11  Drone  
  36  3:12  Overlord  
  36  3:17  Drone  
  36  3:18  Drone  
  36  3:19  Drone x3  
  41  3:23  Drone  
  42  3:34  Drone  
  42  3:36  Drone  
  42  3:37  Roach Warren, Queen  
  45  3:45  Drone  
  45  3:46  Drone x4  
  50  3:51  Overlord  
  50  3:54  Drone x2, Extractor  
  50  3:55  Drone  
  52  4:01  Overlord  
  52  4:07  Zergling x4  
  52  4:08  Zergling x2  
  55  4:11  Queen  
  55  4:12  Spine Crawler  
  56  4:19  Roach x2  
  56  4:20  Roach  
  56  4:22  Roach x2  
  66  4:26  Overlord  
  66  4:33  Lair  
  66  4:36  Drone  
  67  4:41  Drone  
  67  4:42  Drone, Queen  
  67  4:44  Overlord  
  71  4:48  Spore Crawler  
  71  4:49  Spore Crawler  
  66  4:54  Spore Crawler  
  66  4:55  Drone x3  
  66  4:58  Drone x2  
  66  4:59  Spore Crawler  
  69  5:04  Roach x2, Drone  
  74  5:12  Overlord  
  74  5:14  Roach x2  
  74  5:15  Roach  
  74  5:19  Roach x2  
  84  5:26  Evolution Chamber  
  84  5:27  Ravager  
  84  5:28  Ravager  
  85  5:30  Overlord  
  85  5:33  Roach x2  
  86  5:37  Drone x2  
  86  5:38  Drone  
  86  5:40  Drone  
  86  5:41  Extractor  
  89  5:43  Drone x3  
  89  5:45  Extractor  
  91  5:52  Drone x5  
  91  5:56  Zergling x4  
  91  5:57  Zergling x4  
  100  6:08  Drone x8  
  106  6:11  Extractor x2  
  106  6:17  Zerg Ground Armor Level 1  
  104  6:19  Drone  
  104  6:21  Overseer, Evolution Chamber  
  103  6:30  Overlord  
  101  6:36  Drone x5  
  101  6:37  Drone x2  
  105  6:43  Drone  
  105  6:44  Overlord x2  
  106  6:47  Zerg Missile Weapons Level 1  
  106  6:48  Hatchery  
  106  6:51  Drone  
  106  6:56  Drone x4  
  106  6:57  Hydralisk Den  
  104  7:06  Drone x3  
  107  7:10  Queen x3  
  113  7:27  Muscular Augments, Hydralisk x6  
  113  7:28  Hydralisk x2  
  129  7:30  Overseer  
  129  7:35  Overlord  
  129  7:41  Overlord  
  129  7:51  Hydralisk  
  127  7:54  Roach x3  
  127  7:55  Roach  
  137  7:59  Overlord  
  137  8:00  Overlord x2  
  137  8:18  Overlord  
  137  8:19  Pneumatized Carapace  
  137  8:21  Zerg Ground Armor Level 2  
  137  8:27  Infestation Pit  
  137  8:29  Drone x2  
  137  8:31  Spine Crawler  
  137  8:33  Spore Crawler x2  
  137  8:34  Drone  
  136  8:40  Roach x7  
  150  8:43  Overlord x3  
  150  8:45  Hatchery  
  147  8:53  Drone x4  
  151  8:57  Drone, Overlord x2  
  152  9:05  Drone x10  
  152  9:08  Overlord  
  162  9:13  Hive  
  162  9:15  Zerg Missile Weapons Level 2  
  158  9:21  Extractor  
  158  9:22  Extractor  
  156  9:38  Roach x13  
  178  9:39  Hatchery  
  178  9:40  Overlord  
  178  9:42  Glial Reconstitution  
  178  9:44  Spire  
  180  9:58  Overseer  
  180  9:59  Overseer  
  180  10:14  Drone  
  180  10:15  Drone x4  
  180  10:19  Overlord  
  180  10:20  Overlord x2  
  185  10:26  Viper x5  
  200  10:43  Spore Crawler  
  200  10:44  Spore Crawler  
  200  10:45  Spore Crawler  
  200  10:46  Spore Crawler  
  200  10:47  Spore Crawler  
  200  10:49  Ultralisk Cavern  
  194  11:00  Spore Crawler x2  
  194  11:02  Spore Crawler  
  191  11:06  Greater Spire  
  191  11:08  Zerg Ground Armor Level 3  
  191  11:09  Hydralisk x4  
  191  11:11  Ravager  
  200  11:13  Evolution Chamber x3  
  200  11:15  Evolution Chamber  
  196  11:22  Ravager x3  
  196  11:23  Ravager  
  194  11:42  Roach x2  
  194  11:43  Roach x11  
  198  11:51  Roach  
  198  11:52  Roach x11  
  188  12:00  Roach x3  
  188  12:01  Roach x8  
  200  12:11  Overlord x2  
  195  12:26  Hydralisk x2  
  199  12:37  Zerg Missile Weapons Level 3  
  199  12:39  Zerg Flyer Armor Level 1  
  199  12:44  Drone  
  200  12:46  Chitinous Plating  
  200  12:58  Extractor  
  199  13:02  Extractor  
  184  13:09  Viper x4  
  161  13:14  Roach x7  
  161  13:15  Queen x6  
  169  13:45  Zerg Melee Weapons Level 1  
  158  13:50  Ultralisk x3  
  158  13:54  Drone x2  
  158  13:55  Drone x4, Extractor x2  
  176  14:13  Ultralisk x3  
  194  14:20  Drone x3  
  197  14:39  Spore Crawler  
  196  14:48  Hatchery  
  196  14:51  Spore Crawler, Hydralisk x3  
  200  15:01  Zerg Flyer Armor Level 2  
  200  15:05  Spine Crawler  
  200  15:06  Spore Crawler  
  198  15:07  Spore Crawler, Spine Crawler  
  198  15:10  Drone x2  
  198  15:11  Drone x2  
  200  15:17  Overlord  
  200  15:40  Spire  
  200  15:41  Zerg Melee Weapons Level 2  
  199  16:09  Spore Crawler  
  199  16:10  Spore Crawler x2  
  199  16:11  Spore Crawler  
  195  16:12  Spore Crawler x3  
  195  16:13  Overseer x3  
  195  16:15  Overlord x3  
  192  16:20  Queen x2  
  192  16:21  Queen  
  192  16:22  Hatchery  
  192  16:25  Overlord  
  197  16:33  Hydralisk  
  199  16:51  Drone  
  199  16:53  Overlord  
  200  16:59  Hatchery  
  199  17:10  Zerg Flyer Weapons Level 1  
  199  17:41  Nydus Network  
  199  17:42  Corruptor  
  200  18:07  Zerg Flyer Armor Level 3  
  188  18:23  Ultralisk x2  
  198  18:51  Drone  
  198  18:53  Drone  
  200  18:59  Spore Crawler x2, Adrenal Glands  
  200  19:00  Spore Crawler  
  200  19:01  Spore Crawler x2, Zerg Melee Weapons Level 3  
  195  19:33  Spore Crawler  
  195  19:34  Spore Crawler, Drone  
  195  19:35  Drone x2  
  195  19:37  Spore Crawler  
  195  19:42  Zerg Flyer Weapons Level 2  
  187  20:33  Nydus Canal  
  159  20:37  Extractor  
  159  20:39  Extractor  
  157  20:43  Viper x2  
  157  20:44  Viper x4  
  151  20:55  Viper x3  
  151  20:56  Viper  
  139  20:59  Ultralisk x6  
  139  21:00  Ultralisk x3  
  193  21:09  Drone x3  
  196  21:13  Extractor  
  196  21:14  Drone, Extractor  
  196  21:15  Drone  
  196  21:25  Queen  
  196  21:27  Overlord x2  
  198  21:42  Overseer  
  198  21:44  Queen  
  200  21:56  Overlord x2  
  200  21:59  Overseer  
  200  22:05  Overseer x3  
  200  22:06  Overlord x3  
  200  22:14  Queen x3  
  200  22:32  Hatchery  
  178  23:02  Ultralisk x3  
  196  23:18  Zerg Flyer Weapons Level 3  
  196  23:22  Hatchery  
  196  23:26  Corruptor x2  
  182  23:48  Corruptor x5  
  148  23:49  Corruptor x7  
  148  23:51  Ultralisk x3  
  148  23:52  Ultralisk x3  
  148  23:54  Queen  
  148  23:55  Queen x4  
  196  24:40  Brood Lord x2  
  191  24:53  Viper x3  
  191  24:56  Overseer  
  200  25:00  Spore Crawler  
  200  25:01  Spore Crawler x2  
  200  25:04  Spore Crawler  
  196  25:20  Corruptor x2  
  200  25:43  Evolution Chamber x2  
  200  25:45  Evolution Chamber  
  197  26:04  Queen  
  191  26:32  Brood Lord x4  
  199  26:40  Overseer  
  191  27:03  Corruptor x5  
  191  27:04  Corruptor x3  
  167  27:08  Ultralisk  
  167  27:09  Ultralisk x4, Corruptor  
  199  27:35  Evolution Chamber  
  198  27:39  Evolution Chamber  
  178  27:51  Corruptor x4  
  178  27:52  Corruptor x2  
  189  28:14  Drone x3  
  189  28:15  Corruptor  
  189  28:16  Corruptor x3  
  188  28:32  Queen  
  188  28:33  Queen x3  
  193  28:53  Corruptor x3  
  199  29:25  Overseer  
  199  29:26  Overseer  
  199  29:32  Drone  
  176  29:58  Brood Lord x4  
  176  29:59  Brood Lord  
  180  30:05  Viper x3  
  180  30:06  Viper x2  
  179  30:08  Corruptor x16  
  191  30:34  Viper  
  191  30:35  Viper x3  
  184  30:37  Ultralisk x2  
  184  30:38  Zergling x10  
  200  30:54  Hatchery  
  185  30:57  Brood Lord x3  
  185  31:04  Queen x7  
  199  31:26  Drone  
  200  31:38  Extractor  
  199  31:40  Extractor  
  199  31:42  Queen  
  189  32:01  Viper x2  
  179  32:16  Viper x2  
  179  32:22  Zergling x10  
  129  32:51  Roach  
  129  32:52  Roach x16  
  129  32:57  Zergling x6  
  161  33:03  Queen x2  
  163  33:09  Queen x2  
  163  33:14  Queen x2  
  163  33:15  Overlord x4  
  163  33:22  Queen x2  
  152  33:38  Drone x3  
  155  33:46  Hydralisk x7  
  155  33:47  Hydralisk x2  
  173  33:56  Ravager  
Tags
 
Add a new tag
Caveats
  • Supply blocks, unpowered buildings, or Contaminate may cause inaccurate times.
  • Supply counts are checked every 10 seconds.